 Dungeon Crawl Stone Soup version 0.17.0-23-g0de4337 (webtiles) character file.

44 JudasIscariot the Skirmisher (level 3, -2/29 HPs)
             Began as a Demonspawn Fighter on Nov 14, 2015.
             Slain by a worm (7 damage)
             ... on level 3 of the Dungeon.
             The game lasted 00:03:09 (1567 turns).

JudasIscariot the Skirmisher (Demonspawn Fighter)   Turns: 1567, Time: 00:03:09

Health: -2/29      AC:  8    Str: 17    XL:     3   Next: 41%
Magic:  3/3        EV:  7    Int:  9    God:
Gold:   61         SH:  9    Dex: 12    Spells: 0 memorised, 2 levels left

rFire  . . .     SeeInvis .     a - +0 war axe
rCold  . . .     Clarity  .     b - +0 scale mail
rNeg   . . .     SustAt   .     c - +0 shield
rPois  .         Gourm    .     (helmet restricted)
rElec  .         Spirit   .     (no cloak)
rCorr  .         Warding  .     (no gloves)
rMut   .         Stasis   .     j - +1 pair of boots
MR     .....                    o - amulet of rage
Stlth  ..........               (no ring)
                                (no ring)

@: lethally poisoned (-2 -> -3), not resistant to hostile enchantments,
extremely unstealthy
A: antennae 1, claws 1
a: Evoke Berserk Rage


You were on level 3 of the Dungeon.
You were not hungry.

You visited 1 branch of the dungeon, and saw 3 of its levels.

You collected 61 gold pieces.

Inventory:

Hand Weapons
 a - a +0 war axe (weapon)
Armour
 b - a +0 scale mail (worn)
 c - a +0 shield (worn)
 j - a +1 pair of boots (worn)
Jewellery
 o - an amulet of rage (around neck)
Wands
 g - a wand of enslavement (15)
 u - a wand of magic darts (37)
Scrolls
 f - 2 scrolls of remove curse {unknown}
 n - 2 scrolls of amnesia {unknown}
 p - a scroll of enchant armour {unknown}
 s - a scroll of recharging {unknown}
 t - 2 scrolls of identify {unknown}
 w - a scroll of fear {unknown}
Potions
 d - a potion of might
 i - 2 potions of curing {unknown}
 k - a potion of cancellation {unknown}
 r - a potion of agility {unknown}
Comestibles
 e - 2 bread rations
 h - a slice of pizza
 l - 3 fruits
 m - a meat ration
 q - a beef jerky
 v - 2 chunks of flesh


   Skills:
 * Level 3.5 Fighting
 * Level 2.2 Axes
 * Level 2.9 Armour
 * Level 3.2 Shields


You had 2 spell levels left.
You didn't know any spells.

Dungeon Overview and Level Annotations

Branches:
Dungeon (3/15)

Altars:
Cheibriados
Vehumet


Innate Abilities, Weirdness & Mutations

You have a pair of small antennae on your head.
You have sharp fingernails.


Message History

You feel sick. The bat hits you but does no damage. The adder bites you.
The adder bites you but does no damage. The worm bites you.
* * * LOW HITPOINT WARNING * * *
You hit the adder.
The adder is severely wounded.
Your shield and scale mail prevent you from hitting the worm.
The worm is moderately wounded.
The adder barely misses you. The bat barely misses you.
The bat barely misses you. The adder barely misses you.
You slash the adder!
You kill the adder!
You slash the bat!
You kill the bat!
Your shield and scale mail prevent you from hitting the worm.
The worm is moderately wounded.
The worm bites you but does no damage.
You slash the worm!
The worm is severely wounded.
You feel sick. The worm bites you!
You die...

.#.##.####
.......?#
........#
##.......## #
.........# #.
#.......#
####.#####.......#
#.........@w[....#
#.##.#..###†#.####
#......#.#.#
###.<#.#.#.####
...............#
#######..###.#.#
#..##.#..####.#
#....###......#
##.##.#..######


You could see a worm.

Vanquished Creatures
  An adder (D:3)
  A worm (D:2)
  A giant gecko (D:1)
  An orc (D:3)
  4 bats
  A giant cockroach (D:1)
  3 goblins
  5 hobgoblins
  6 kobolds
  A giant newt (D:1)
  2 jackals (D:2)
  2 rats
28 creatures vanquished.

Notes
Turn   | Place    | Note
--------------------------------------------------------------
     0 | D:1      | JudasIscariot the Demonspawn Fighter began the quest for the Orb.
     0 | D:1      | Reached XP level 1. HP: 18/18 MP: 1/1
   187 | D:1      | Gained mutation: You have sharp fingernails. [demonic ancestry]
   187 | D:1      | Reached XP level 2. HP: 21/24 MP: 2/2
  1314 | D:2      | Found a snail-covered altar of Cheibriados.
  1425 | D:3      | Found a radiant altar of Vehumet.
  1501 | D:3      | Gained mutation: You have a pair of small antennae on your head. [demonic ancestry]
  1501 | D:3      | Reached XP level 3. HP: 29/29 MP: 3/3
  1567 | D:3      | Slain by a worm

Action                   || total
-------------------------++-------
Melee: War axe           ||    94
  Eat: Chunk             ||     2
